 Dungeon Crawl Stone Soup version 0.23-a0-487-gc6253629db (webtiles) character file.

214 Kriby the Sneak (level 5, -2/34 HPs)
             Began as an Octopode Earth Elementalist on Dec 1, 2018.
             Slain by Purgy (3 damage)
             ... on level 3 of the Dungeon.
             The game lasted 00:07:20 (2902 turns).

Kriby the Sneak (Octopode Earth Elementalist)       Turns: 2902, Time: 00:07:20

Health: -2/34      AC:  1    Str:  8    XL:     5   Next: 91%
Magic:  0/9        EV: 14    Int: 23    God:
Gold:   138        SH:  3    Dex: 12    Spells: 6/10 levels left

rFire    . . .     SeeInvis .   e - +0 dagger
rCold    . . .     Gourm    .   (no shield)
rNeg     . . .     Faith    .   (helmet restricted)
rPois    .         Spirit   .   d - +3 amulet of reflection
rElec    .         Reflect  +   (no ring)
rCorr    .         Harm     .   (no ring)
MR       .....     Rnd*Rage +   (no ring)
Stlth    ++++......             (no ring)
HPRegen  0.11/turn              (no ring)
MPRegen  0.11/turn              (no ring)
                                (no ring)
                                (no ring)

@: brilliant, flying, very slightly contaminated
A: almost no armour, stealthy swim, amphibious, 8 rings, constrict 8, camouflage
1, berserk 1, robust 1, gelatinous body 1
a: no special abilities


You were on level 3 of the Dungeon.
You were hungry.

You visited 1 branch of the dungeon, and saw 3 of its levels.

You collected 138 gold pieces.

Inventory:

Hand Weapons
 e - a +0 dagger (weapon)
Missiles
 b - 42 stones (quivered)
 o - 23 sling bullets
Jewellery
 d - a +3 amulet of reflection (around mantle)
Scrolls
 f - 3 scrolls of remove curse {@r2}
Comestibles
 a - 2 chunks of flesh
 c - 3 rations {@e1}


   Skills:
 + Level 3.3 Dodging
 + Level 4.8 Stealth
 * Level 3.2 Spellcasting
   Level 1.0 Transmutations
 * Level 4.0 Earth Magic


You had 6 spell levels left.
You knew the following spells:

 Your Spells              Type           Power        Failure   Level  Hunger
a - Sandblast             Erth           #####.       1%          1    None
q - Stone Arrow           Conj/Erth      ####..       1%          3    ###....

Your spell library contained the following spells:

 Spells                   Type           Power        Failure   Level  Hunger
 Passwall                 Tmut/Erth      ####....     1%          2    ##.....
 Petrify                  Tmut/Erth      ####....     4%          4    ####...
 Lee's Rapid Deconstruct  Erth           #####.....   7%          5    ######.


Dungeon Overview and Level Annotations

Branches:
Dungeon (3/15)

Altars:

Annotations:
D:3 Purgy, Sigmund


Innate Abilities, Weirdness & Mutations

You cannot wear most types of armour.
You are very stealthy in the water. (Stealth+)
You are amphibious.
You can wear up to eight rings at the same time.
You can use your tentacles to constrict eight enemies at once.
Your skin changes colour to match your surroundings (Stealth+).
Your rubbery body absorbs attacks. (AC +1, EV +1)
You tend to lose your temper in combat.
You are robust. (+10% HP)


Message History

Purgy claws you.
* * * LOW HITPOINT WARNING * * *
Purgy misses you.
Casting: Stone Arrow (safe; 1% risk of failure)
Confirm with . or Enter, or press ? or * to list all spells.
Aiming: Sandblast (safe; 1% risk of failure)
Press: ? - help, Shift-Dir - straight line, f/p - Purgy
Aim: Purgy (almost dead)
The blast of sand hits Purgy.
Purgy is almost dead.
b - 42 stones Purgy barely misses you.
Purgy completely misses you. Purgy claws you.
* * * LOW HITPOINT WARNING * * *
Okay, then.
Okay, then.
You feel very buoyant.
You fly up into the air.
Purgy bites you.
* * * LOW HITPOINT WARNING * * *
Purgy misses you. Purgy claws you.
You die...

*,,,,,* #.#............#
***,*** #.......########
**,** #.....#.#
*,..######.....#.#
*,#..............#
*,..####.......### *****
##.....## ##....# ##.#@#
###T# # #.#*** #
***************#.#*,** #
,,,,,,,,,,,,,,,#.#,*,** #
,*******,,****,#..***,******
# ,* *,,**,,,..#* **,,,,,* #
,* *****,,**,*,...***,****,*
# ,* *,,,,,,,,,*,...,*,**
*,* #


You could see Purgy.

Vanquished Creatures
  A centaur (D:3)
  Robin (D:3)
  4 adders
  2 worms (D:3)
  2 dart slugs (D:1)
  A leopard gecko (D:1)
  An orc (D:3)
  A ball python (D:3)
  3 giant cockroaches
  18 goblins
  7 hobgoblins
  4 jackals
  4 kobolds
  A quokka (D:3)
  9 bats
  3 frilled lizards
  8 rats
70 creatures vanquished.

Notes
Turn   | Place    | Note
-------+----------+-------------------------------------------
     0 | D:1      | Kriby the Octopode Earth Elementalist began the quest for
                  | the Orb.
     0 | D:1      | Reached XP level 1. HP: 11/11 MP: 3/3
    22 | D:1      | Reached XP level 2. HP: 11/17 MP: 0/5
   493 | D:1      | Reached XP level 3. HP: 21/21 MP: 1/6
   545 | D:1      | Learned a level 3 spell: Stone Arrow
  1056 | D:2      | Reached XP level 4. HP: 27/27 MP: 4/7
  2123 | D:3      | Noticed a centaur
  2134 | D:3      | Killed a centaur
  2134 | D:3      | Reached XP level 5. HP: 10/31 MP: 3/9
  2527 | D:3      | Noticed Sigmund
  2568 | D:3      | Noticed Robin
  2602 | D:3      | Killed Robin
  2883 | D:3      | Noticed Purgy
  2885 | D:3      | Gained mutation: You tend to lose your temper in combat.
                  | [potion of mutation]
  2885 | D:3      | Gained mutation: You are robust. (+10% HP) [potion of
                  | mutation]
  2902 | D:3      | HP: 1/34 [Purgy (1)]
  2902 | D:3      | Slain by Purgy

Vault maps used:
D:1:      saegor_arrival_simple_a
D:3:      uniq_sigmund, uniq_robin, uniq_purgy

Skill      XL: |  1  2  3  4  5 |
---------------+----------------+-----
Stealth        | 3 4 |  4.8
Dodging        | 3 |  3.3
Spellcasting   | 3 |  3.2
Earth Magic    | 4 |  4.0
Transmutations | |  1.0

Action                   |  1- 3 |  4- 6 || total
-------------------------+-------+-------++-------
Melee: Unarmed           |     9 |       ||     9
       Constrict         |     3 |     7 ||    10
       Tentacles         |     1 |     3 ||     4
       Dagger            |       |    59 ||    59
 Cast: Sandblast         |    43 |    48 ||    91
       Stone Arrow       |       |     2 ||     2
  Use: Scroll            |     1 |     5 ||     6
       Potion            |       |     8 ||     8
  Eat: Chunk             |     1 |     5 ||     6
Armor: Skin              |     1 |    36 ||    37
Dodge: Dodged            |     9 |    50 ||    59
Block: Other             |       |    15 ||    15

Table legend:
 A = Non-vault XP
 B = Vault XP
 C = Vault XP percentage of total XP
 D = Non-vault monster count
 E = Vault monster count
 F = Vault count percentage of total count
                 A         B        C        D         E       F
            +---------+---------+-------+---------+---------+-------
      Total |     275 |      31 |  10.1 |      61 |       9 |  12.9
            +---------+---------+-------+---------+---------+-------
        D:1 |      48 |       0 |   0.0 |      25 |       0 |   0.0
        D:2 |      65 |       0 |   0.0 |      19 |       0 |   0.0
        D:3 |     162 |      31 |  16.1 |      17 |       9 |  34.6
            +---------+---------+-------+---------+---------+-------
